 Dungeon Crawl Stone Soup version 0.17.2-1-ge4368a0 (webtiles) character file.

58 magog001 the Bolt Thrower (level 3, 0/30 HPs)
             Began as a Minotaur Hunter on Oct 5, 2016.
             Was an Initiate of Nemelex Xobeh.
             Slain by a gnoll
             ... wielding a +0 spear
              (6 damage)
             ... on level 2 of the Dungeon.
             The game lasted 00:09:34 (1139 turns).

magog001 the Bolt Thrower (Minotaur Hunter)         Turns: 1139, Time: 00:09:34

Health: 0/30       AC:  5    Str: 17      XL:     3   Next: 75%
Magic:  2/2        EV: 11    Int:  4 (8)  God:    Nemelex Xobeh [......]
Gold:   100        SH:  0    Dex: 10      Spells: 0 memorised, 2 levels left

rFire  . . .     SeeInvis .     a - +1 hand crossbow
rCold  . . .     Clarity  .     k - +0 ring mail
rNeg   . . .     SustAt   .     (no shield)
rPois  .         Gourm    .     (helmet restricted)
rElec  .         Spirit   .     (no cloak)
rCorr  .         Warding  .     (no gloves)
rMut   .         Stasis   .     (no boots)
MR     .....                    (no amulet)
Stlth  +.........               (no ring)
                                (no ring)

@: not resistant to hostile enchantments, very unstealthy
A: retaliatory headbutt, horns 2
a: Renounce Religion


You were on level 2 of the Dungeon.
You worshipped Nemelex Xobeh.
Nemelex Xobeh was noncommittal.
You were hungry.

You visited 1 branch of the dungeon, and saw 2 of its levels.

You collected 100 gold pieces.

Inventory:

Hand Weapons
 a - a +1 hand crossbow (weapon)
 b - a +0 short sword
Missiles
 d - 37 bolts (quivered)
 h - 21 poisoned needles
Armour
 k - a +0 ring mail (worn)
Scrolls
 c - 2 scrolls of identify {unknown}
 g - a scroll of remove curse
 j - a scroll of fear
 o - a scroll of magic mapping {unknown}
 r - a scroll of random uselessness {unknown}
Potions
 i - a potion of haste {unknown}
 l - a potion of cancellation {unknown}
 m - a potion of curing {unknown}
 q - a potion of heal wounds {unknown}
 t - a potion of invisibility {unknown}
Comestibles
 e - 2 bread rations
 f - 2 slices of pizza
 p - 2 meat rations
 s - 15 chunks of flesh


   Skills:
 + Level 2.6 Fighting
 * Level 5.8 Crossbows
 * Level 2.1 Dodging
 + Level 0.7 Stealth
 * Level 0.2 Spellcasting


You had 2 spell levels left.
You didn't know any spells.

Dungeon Overview and Level Annotations

Branches:
Dungeon (2/15)

Altars:
Makhleb
Nemelex Xobeh
Zin


Innate Abilities, Weirdness & Mutations

You reflexively headbutt those who attack you in melee.
You have a pair of horns on your head.


Message History

The gnoll hits you from afar with a spear.
Firing (i - inventory):
d - 39 bolts (quivered)
Press: ? - help, Shift-Dir - straight line, f/p - gnoll
Aim: a gnoll, wielding a spear (heavily wounded)
You shoot a bolt. The bolt completely misses the gnoll.
The gnoll hits you from afar with a spear!
* * * LOW HITPOINT WARNING * * *
Some of the chunks of flesh in your inventory have rotted away.
Firing (i - inventory):
d - 38 bolts (quivered)
Press: ? - help, Shift-Dir - straight line, f/p - gnoll
Aim: a gnoll, wielding a spear (heavily wounded)
You shoot a bolt. The bolt hits the gnoll.
The gnoll is severely wounded.
The gnoll barely misses you.
It was a potion of degeneration.
There was something very wrong with that liquid.
You feel dopey.
The gnoll hits you from afar with a spear.
You die...
Your body disappears without a glow.

#..### #.# # #.. g# #.#
# #.# g# #.## # #.# .#
...# # #.# .#..... #
##.##........##
#>.............
#########..##........##
#.....@)g.(# .#......##
#.#######.## .# ...#...
#.# #.# .# ####...
#.#######.# .. .......
#.........# ## #...
#..######## #... #..#
##############.## #..#
#..............# #..#
#.######.#.#####


You could see a gnoll.

Vanquished Creatures
  An adder (D:2)
  A gnoll (D:2)
  A worm (D:2)
  2 giant geckos (D:2)
  A ball python (D:2)
  A bat (D:2)
  A giant cockroach (D:1)
  4 hobgoblins
  8 jackals (D:2)
  A giant newt (D:1)
  7 goblins
  3 kobolds
  4 rats
35 creatures vanquished.

Notes
Turn   | Place    | Note
--------------------------------------------------------------
     0 | D:1      | magog001 the Minotaur Hunter began the quest for the Orb.
     0 | D:1      | Reached XP level 1. HP: 18/18 MP: 0/0
   287 | D:1      | Reached XP level 2. HP: 25/25 MP: 1/1
   321 | D:1      | Reached skill level 5 in Crossbows
   681 | D:2      | Found a glowing silver altar of Zin.
   681 | D:2      | Found a burning altar of Makhleb.
   682 | D:2      | Noticed an Executioner
   682 | D:2      | Noticed an angel
   813 | D:2      | Found a sparkling altar of Nemelex Xobeh.
   819 | D:2      | Reached XP level 3. HP: 25/30 MP: 2/2
   830 | D:2      | Became a worshipper of Nemelex Xobeh the Trickster
  1139 | D:2      | Slain by a gnoll

Action                   || total
-------------------------++-------
 Fire: Hand crossbow     ||    84
  Use: Scroll            ||     2
       Potion            ||     1
